Map: Seeds of Aiur

Players

Erfeyah - Winner!

  • Race: Terran Terran
  • Spawn Location: 1:00

VOD

Have the link to the VOD?

Description

Time

  • Played on: Nov. 27, 2017, 9:59 a.m.
  • Length: 27:01
Show
View Real Time Build Order
Export as new Build Order

Erfeyah Terran - Winner!

Build Orders:  

Get SALT Encoding   

  12  0:13  SCV  
  12  0:37  Supply Depot  
  12  0:59  SCV  
  12  1:12  SCV  
  12  1:16  Barracks  
  12  1:29  Refinery  
  12  1:38  SCV  
  12  2:06  SCV  
  12  2:07  Barracks  
  12  2:09  Marine  
  12  2:28  SCV, Marine  
  12  2:51  Supply Depot  
  12  2:53  SCV  
  12  2:54  Marine  
  12  2:55  Marine  
  12  3:12  Marine  
  12  3:13  SCV, Marine, Supply Depot  
  12  3:17  Bunker  
  12  3:26  SCV  
  12  3:30  Marine  
  12  3:31  Marine  
  12  3:35  Supply Depot  
  12  3:48  Marine  
  12  3:49  Factory  
  12  4:18  Refinery  
  12  4:31  SCV  
  12  4:33  Marine  
  12  4:34  Marine  
  12  4:45  SCV  
  12  4:51  Marine x2  
  12  5:03  Starport  
  12  5:13  SCV  
  12  5:14  Marine  
  12  5:15  Marine  
  12  5:25  SCV  
  12  5:32  Marine x2  
  12  5:37  SCV  
  12  5:41  Starport  
  12  6:02  Command Center  
  12  6:18  SCV  
  12  6:22  Barracks Tech Lab  
  12  6:27  Barracks Tech Lab  
  12  7:49  Medivac x2  
  12  7:56  Marine x2  
  12  8:06  SCV  
  12  8:12  SCV  
  12  8:14  Marine x2  
  12  8:18  SCV  
  12  8:19  Medivac x2  
  12  8:25  SCV  
  12  8:30  SCV  
  12  8:31  Marine  
  12  8:38  Starport  
  12  8:50  Supply Depot  
  12  9:11  Marine x2  
  12  9:12  SCV x2, Medivac x2  
  12  9:13  Supply Depot  
  12  9:34  Marine  
  12  9:35  Marine  
  12  9:36  Supply Depot  
  12  9:41  Medivac x2  
  12  9:52  SCV x2  
  12  9:58  Marine x2  
  12  9:59  Supply Depot  
  12  10:04  SCV x2  
  12  10:11  Medivac x2  
  12  10:20  Marine x2  
  12  10:21  SCV x2  
  12  10:23  Supply Depot  
  12  10:32  Supply Depot  
  12  10:38  Marine x2  
  12  10:41  Medivac  
  12  10:44  Medivac  
  12  10:45  Supply Depot  
  12  10:56  Marine x2  
  12  11:01  Refinery  
  12  11:05  SCV  
  12  11:10  Medivac  
  12  11:11  Medivac  
  12  11:14  Marine x2, Viking  
  12  11:26  SCV  
  12  11:32  Marine  
  12  11:40  Medivac  
  12  11:50  Command Center  
  12  12:59  Starport Tech Lab x2  
  12  13:25  SCV  
  12  13:26  SCV  
  12  13:27  SCV  
  12  13:33  Marine x2  
  12  13:35  Medivac x3  
  12  13:37  SCV  
  12  13:38  SCV  
  12  13:39  SCV  
  12  13:50  SCV x2  
  12  13:51  SCV, Marine x2  
  12  14:02  SCV x2  
  12  14:05  Medivac x3  
  12  14:08  Marine  
  12  16:03  Supply Depot  
  12  16:13  Supply Depot  
  12  16:24  SCV x2, Medivac x3  
  12  16:34  SCV, Marine x2  
  12  16:36  SCV  
  12  16:52  Marine x2  
  12  16:54  Medivac  
Tags
 
Add a new tag
Caveats
  • Supply blocks, unpowered buildings, or Contaminate may cause inaccurate times.
  • Supply counts are checked every 10 seconds.